 Dungeon Crawl Stone Soup version 0.19.4 (console) character file.

281 Kloppie the Skirmisher (level 6, 0/60 HPs)
             Began as a Minotaur Fighter on Feb 3, 2017.
             Succumbed to Sigmund's poison
             ... on level 3 of the Dungeon.
             The game lasted 00:03:51 (1851 turns).

Kloppie the Skirmisher (Minotaur Fighter)           Turns: 1851, Time: 00:03:52

Health: 0/60       AC: 11    Str: 25 (28) XL:     6   Next: 6%
Magic:  3/3        EV:  6    Int:  8 (10) God:
Gold:   173        SH:  0    Dex:  8 (9)  Spells: 0 memorised, 5 levels left

rFire  . . .     SeeInvis .     a - +0 war axe
rCold  . . .     Gourm    .     l - +0 plate armour
rNeg   . . .     Faith    .     c - +0 shield
rPois  .         Spirit   .     (helmet restricted)
rElec  .         Reflect  .     (no cloak)
rCorr  .         Harm     .     (no gloves)
MR     .....                    (no boots)
Stlth  ..........               (no amulet)
                                (no ring)
                                (no ring)

@: confused, mighty, brilliant, lethally poisoned (0 -> -13), flying, very
slightly contaminated, hasted, very quick
A: retaliatory headbutt, horns 2, repulsion field 1, low mp 2
a: no special abilities


You were on level 3 of the Dungeon.
You were not hungry.

You visited 1 branch of the dungeon, and saw 4 of its levels.
You also visited: Sewer.

You collected 173 gold pieces.

Inventory:

Hand Weapons
 a - a +0 war axe (weapon)
Armour
 c - a +0 shield (worn)
 l - a +0 plate armour (worn)
Jewellery
 o - an uncursed amulet of the gourmand {unknown}
Scrolls
 e - 4 scrolls of identify {unknown}
 j - 2 scrolls of remove curse {unknown}
 n - a scroll of amnesia {unknown}
 p - a scroll of fog {unknown}
 q - a scroll of teleportation {unknown}
 s - a scroll of blinking {unknown}
Potions
 h - a potion of brilliance
 r - a potion of haste
Comestibles
 f - 3 bread rations
 g - 2 meat rations


   Skills:
 * Level 7.0 Fighting
 + Level 4.9 Axes
 - Level 3.6 Armour
 - Level 3.6 Shields


You had 5 spell levels left.
You didn't know any spells.

Dungeon Overview and Level Annotations

Branches:
Dungeon (4/15)
 Temple: D:4-7

Altars:
Fedhas
Qazlal

Annotations:
D:3 Sigmund


Innate Abilities, Weirdness & Mutations

You reflexively headbutt those who attack you in melee.
You have a pair of horns on your head.
You are surrounded by a mild repulsion field. (EV +2)
Your magical capacity is very low. (-20% MP)


Message History

* * * LOW HITPOINT WARNING * * *
You feel very sick.
It was a potion of curing.
You feel better. Something hits you.
* * * LOW HITPOINT WARNING * * *
You are poisoned.
Okay, then.
You feel very mighty all of a sudden.
You feel sick.
You slash something! You headbutt something!
You hear some strange, mumbled words.
You are confused.
You're too confused to move!
You feel sick.
You bump into the rock wall.
Something hits you.
* * * LOW HITPOINT WARNING * * *
You are more poisoned.
You bump into the rock wall.
* * * LOW HITPOINT WARNING * * *
You feel sick.
You bump into the rock wall.
You die...

##. . ..## ..
# ....
...#.#..#
$....#..##
...>.....
.......o#####
#{#...#
#@#...#
#.#...#
#.....#
##....#
#....# ##...#
#<..# #.###
#.###.#


You could see an orc.

Vanquished Creatures
  A crimson imp (D:4)
  An orc priest (D:4)
  Natasha (D:3)
  A worker ant (D:4)
  A gnoll (D:1)
  2 adders
  8 river rats
  An ooze (D:1)
  A worm (D:2)
  A dart slug (D:1)
  2 leopard geckos
  3 orcs (D:4)
  7 ball pythons
  6 bats
  4 giant cockroaches
  A goblin (D:2)
  2 hobgoblins (D:1)
  5 jackals (D:2)
  A kobold (D:1)
  A quokka (D:2)
  8 frilled lizards
  10 rats
68 creatures vanquished.

Notes
Turn   | Place    | Note
-------+----------+-------------------------------------------
     0 | D:1      | Kloppie the Minotaur Fighter began the quest for the Orb.
     0 | D:1      | Reached XP level 1. HP: 19/19 MP: 0/0
    46 | D:1      | Reached skill level 4 in Fighting
    74 | D:1      | Reached XP level 2. HP: 23/27 MP: 1/1
   356 | D:1      | Reached XP level 3. HP: 32/34 MP: 2/2
   739 | D:2      | Found a blossoming altar of Fedhas.
   744 | D:2      | Found a stormy altar of Qazlal.
   769 | D:2      | Reached skill level 5 in Fighting
   825 | D:2      | You fall through a shaft for 2 floors!
   899 | D:4      | Reached XP level 4. HP: 42/42 MP: 3/3
   976 | D:4      | Reached skill level 6 in Fighting
   976 | D:4      | Reached XP level 5. HP: 45/50 MP: 4/4
   995 | D:3      | Found a glowing drain.
  1179 | Sewer    | Entered a sewer
  1820 | D:3      | Noticed Natasha
  1822 | D:3      | Noticed Sigmund
  1825 | D:3      | Killed Natasha
  1825 | D:3      | Reached skill level 7 in Fighting
  1825 | D:3      | Reached XP level 6. HP: 60/60 MP: 5/5
  1843 | D:3      | Gained mutation: Your magical capacity is low. (-10% MP) [potion of mutation]
  1843 | D:3      | Gained mutation: Your magical capacity is very low. (-20% MP) [potion of mutation]
  1843 | D:3      | Gained mutation: You are surrounded by a mild repulsion field. (EV +2) [potion of mutation]
  1849 | D:3      | HP: 2/60 [something (4)]
  1851 | D:3      | Succumbed to Sigmund's poison

Skill      XL: |  1  2  3  4  5 |
---------------+----------------+-----
Fighting       | 4 5 6 7 |  7.0
Axes           | 3 4 |  4.9
Armour         | |  3.6
Shields        | |  3.6

Action                   |  1- 3 |  4- 6 || total
-------------------------+-------+-------++-------
Melee: War axe           |    89 |   144 ||   233
       Headbutt          |    10 |    25 ||    35
  Use: Potion            |       |     7 ||     7
  Eat: Chunk             |       |     4 ||     4
Armor: Scale mail        |    30 |       ||    30
       Plate armour      |    34 |    76 ||   110
Dodge: Dodged            |    34 |    22 ||    56
Block: Shield            |    65 |    62 ||   127
